[ AOE2 MATCH · #480117655 ]
Team RMBurgundians vs Vietnamese
[ REPLAY ANALYSIS · EXTRACTED FROM THE RECORDED GAME ]
Feudal
13:17
Castle
21:22
Imperial
—
| APM avg | 21.7 |
| APM peak | 41 |
| eAPM avg | 14.7 |
| Villagers / military | 147 / 87 |
Focus
⚔️ 26.2% · 🌾 73.8%
Knight ×49 · Coustillier ×35 · Monk ×3
Feudal
10:47
Castle
24:46
Imperial
—
| APM avg | 38.5 |
| APM peak | 88 |
| eAPM avg | 14.9 |
| Villagers / military | 83 / 78 |
Focus
⚔️ 37.5% · 🌾 62.5%
Archer ×31 · Spearman ×23 · Battle Elephant ×19 · Battering Ram ×3 · Rattan Archer ×2
Feudal
11:44
Castle
15:55
Imperial
33:13
| APM avg | 25.4 |
| APM peak | 63 |
| eAPM avg | 15.5 |
| Villagers / military | 113 / 101 |
Focus
⚔️ 21.6% · 🌾 78.4%
Hand Cannoneer ×58 · Spearman ×27 · Hussite Wagon ×9 · Bombard Cannon ×6 · Trade Cart ×4 · Monk ×1
Feudal
9:43
Castle
16:15
Imperial
39:56
| APM avg | 30.2 |
| APM peak | 73 |
| eAPM avg | 16.0 |
| Villagers / military | 154 / 62 |
Focus
⚔️ 19.0% · 🌾 81.0%
Knight ×59 · Monk ×2 · Scout Cavalry ×1
Match map
Resources at game start + every placement click. Thick line = wall · dashed box = detected house wall. 🟡 gold · ⚪ stone · 🟢 berries · 🔶 boar · ⭕ relic
Inputs per minute
— Wollof_08 / German Mum - - SfL13
Build order — Wollof_08 / German Mum
First 150 of 365 actions detected
| 0:03 | Research | Wheelbarrow |
| 0:19 | Create | Villager (Male) |
| 0:19 | Create | Villager (Male) |
| 0:38 | Build | House |
| 0:40 | Build | House |
| 0:52 | Build | House |
| 0:53 | Build | House |
| 1:02 | Create | Villager (Male) |
| 1:02 | Create | Villager (Male) |
| 2:09 | Create | Villager (Male) |
| 2:10 | Create | Villager (Male) |
| 2:10 | Create | Villager (Male) |
| 2:21 | Research | Loom |
| 2:53 | Create | Villager (Male) |
| 2:54 | Create | Villager (Male) |
| 2:54 | Create | Villager (Male) |
| 3:20 | Create | Villager (Male) |
| 3:20 | Create | Villager (Male) |
| 3:48 | Create | Villager (Male) |
| 3:48 | Create | Villager (Male) |
| 4:15 | Create | Villager (Male) |
| 4:15 | Create | Villager (Male) |
| 4:32 | Create | Villager (Male) |
| 4:54 | Create | Villager (Male) |
| 4:54 | Create | Villager (Male) |
| 4:54 | Create | Villager (Male) |
| 5:02 | Create | Villager (Male) |
| 5:02 | Create | Villager (Male) |
| 5:39 | Create | Villager (Male) |
| 5:39 | Create | Villager (Male) |
| 5:40 | Create | Villager (Male) |
| 6:15 | Create | Villager (Male) |
| 6:46 | Create | Villager (Male) |
| 6:47 | Create | Villager (Male) |
| 7:04 | Create | Villager (Male) |
| 7:46 | Build | Lumber Camp |
| 8:11 | Create | Villager (Male) |
| 8:51 | Create | Villager (Male) |
| 8:51 | Create | Villager (Male) |
| 8:51 | Create | Villager (Male) |
| 8:51 | Create | Villager (Male) |
| 9:38 | Create | Villager (Male) |
| 9:49 | Build | Mill |
| 10:03 | Create | Villager (Male) |
| 10:25 | Create | Villager (Male) |
| 10:36 | Build | House |
| 10:37 | Build | House |
| 11:07 | Research | Feudal Age |
| 11:19 | Build | House |
| 11:21 | Build | House |
| 11:23 | Build | House |
| 11:25 | Build | House |
| 11:30 | Build | House |
| 11:41 | Create | Villager (Male) |
| 12:11 | Build | Barracks |
| 12:21 | Create | Villager (Male) |
| 12:26 | Research | Double-Bit Axe |
| 13:17 | Age | Feudal Age |
| 13:18 | Research | Bow Saw |
| 13:18 | Research | Bow Saw |
| 13:19 | Research | Bow Saw |
| 13:24 | Build | Stable |
| 13:43 | Create | Villager (Male) |
| 13:50 | Build | Mining Camp |
| 14:10 | Create | Villager (Male) |
| 14:37 | Build | Farm |
| 14:39 | Create | Villager (Male) |
| 14:39 | Create | Villager (Male) |
| 14:45 | Build | Market |
| 14:52 | Create | Villager (Male) |
| 15:01 | Build | Farm |
| 15:10 | Create | Villager (Male) |
| 15:15 | Build | Farm |
| 15:16 | Build | Farm |
| 15:17 | Build | Farm |
| 15:18 | Build | Farm |
| 15:18 | Build | Farm |
| 15:20 | Build | Farm |
| 15:22 | Build | Farm |
| 15:23 | Build | Farm |
| 15:24 | Build | Farm |
| 15:45 | Build | Farm |
| 15:51 | Build | Farm |
| 15:57 | Build | Farm |
| 16:01 | Build | Farm |
| 16:10 | Create | Villager (Male) |
| 16:20 | Build | Farm |
| 16:32 | Create | Villager (Male) |
| 16:39 | Build | Farm |
| 16:47 | Build | Farm |
| 16:52 | Build | Farm |
| 17:11 | Build | Farm |
| 17:22 | Create | Villager (Male) |
| 17:44 | Build | Farm |
| 17:47 | Create | Villager (Male) |
| 18:05 | Build | Farm |
| 18:11 | Create | Villager (Male) |
| 18:24 | Build | Farm |
| 18:32 | Research | Castle Age |
| 18:32 | Research | Castle Age |
| 18:33 | Research | Castle Age |
| 18:44 | Build | Stable |
| 19:07 | Research | Gold Mining |
| 19:37 | Create | Villager (Male) |
| 19:38 | Create | Villager (Male) |
| 19:41 | Research | Gold Shaft Mining |
| 19:57 | Build | Stable |
| 20:05 | Create | Villager (Male) |
| 21:10 | Research | Hand Cart |
| 21:22 | Age | Castle Age |
| 21:33 | Build | Town Center |
| 21:41 | Research | Husbandry |
| 21:42 | Research | Cavalier (upgrade) |
| 21:43 | Create | Knight |
| 21:43 | Create | Knight |
| 21:43 | Create | Knight |
| 21:44 | Create | Knight |
| 21:48 | Create | Villager (Male) |
| 21:49 | Create | Villager (Male) |
| 22:24 | Create | Villager (Male) |
| 22:25 | Create | Villager (Male) |
| 22:25 | Create | Villager (Male) |
| 22:25 | Create | Villager (Male) |
| 22:26 | Create | Villager (Male) |
| 22:31 | Create | Villager (Male) |
| 22:31 | Create | Villager (Male) |
| 22:31 | Create | Villager (Male) |
| 22:35 | Research | Stone Mining |
| 23:06 | Create | Knight |
| 23:07 | Create | Knight |
| 23:10 | Create | Villager (Male) |
| 23:11 | Create | Villager (Male) |
| 23:11 | Create | Villager (Male) |
| 23:29 | Build | Blacksmith |
| 23:35 | Build | House |
| 23:37 | Build | House |
| 23:44 | Create | Villager (Male) |
| 23:44 | Create | Villager (Male) |
| 23:45 | Create | Villager (Male) |
| 23:45 | Create | Villager (Male) |
| 24:06 | Build | Farm |
| 24:14 | Research | Horse Collar |
| 24:21 | Research | Scale Barding Armor |
| 24:23 | Research | Forging |
| 24:26 | Create | Villager (Male) |
| 24:26 | Create | Villager (Male) |
| 24:27 | Create | Villager (Male) |
| 24:27 | Create | Villager (Male) |
| 24:33 | Create | Villager (Male) |
| 24:58 | Build | House |
Build order — SfL13
First 150 of 270 actions detected
| 0:03 | Build | House |
| 0:03 | Create | Villager (Male) |
| 0:04 | Create | Villager (Male) |
| 0:04 | Create | Villager (Male) |
| 0:04 | Create | Villager (Male) |
| 0:05 | Create | Villager (Male) |
| 0:06 | Build | House |
| 1:38 | Create | Villager (Male) |
| 1:39 | Create | Villager (Male) |
| 2:27 | Create | Villager (Male) |
| 2:28 | Create | Villager (Male) |
| 2:41 | Create | Villager (Male) |
| 2:41 | Create | Villager (Male) |
| 2:41 | Create | Villager (Male) |
| 3:15 | Create | Villager (Male) |
| 3:15 | Create | Villager (Male) |
| 3:41 | Create | Villager (Male) |
| 3:41 | Create | Villager (Male) |
| 3:48 | Build | Lumber Camp |
| 4:03 | Create | Villager (Male) |
| 4:03 | Create | Villager (Male) |
| 4:03 | Create | Villager (Male) |
| 4:09 | Build | House |
| 4:10 | Build | House |
| 4:11 | Build | House |
| 4:21 | Create | Villager (Male) |
| 4:21 | Create | Villager (Male) |
| 5:00 | Build | House |
| 5:33 | Create | Villager (Male) |
| 5:35 | Create | Villager (Male) |
| 5:36 | Create | Villager (Male) |
| 5:42 | Build | Outpost |
| 6:09 | Build | Palisade Wall |
| 6:38 | Create | Villager (Male) |
| 6:39 | Create | Villager (Male) |
| 6:39 | Create | Villager (Male) |
| 7:22 | Build | Palisade Wall |
| 7:35 | Build | Barracks |
| 8:03 | Build | Mining Camp |
| 8:37 | Research | Feudal Age |
| 8:37 | Research | Feudal Age |
| 8:51 | Build | Palisade Wall |
| 9:42 | Build | Outpost |
| 10:26 | Build | Palisade Wall |
| 10:29 | Build | Palisade Wall |
| 10:35 | Build | Palisade Wall |
| 10:47 | Age | Feudal Age |
| 10:48 | Build | Mill |
| 10:53 | Research | Double-Bit Axe |
| 10:54 | Research | Gold Mining |
| 11:09 | Create | Villager (Male) |
| 11:09 | Create | Villager (Male) |
| 11:10 | Create | Villager (Male) |
| 11:25 | Build | Archery Range |
| 11:28 | Research | Horse Collar |
| 11:59 | Build | Market |
| 12:13 | Build | Market |
| 12:23 | Research | Wheelbarrow |
| 12:28 | Create | Villager (Male) |
| 12:36 | Build | Palisade Wall |
| 12:37 | Build | Palisade Wall |
| 12:53 | Create | Villager (Male) |
| 12:53 | Create | Villager (Male) |
| 13:08 | Build | Blacksmith |
| 13:20 | Create | Villager (Male) |
| 13:22 | Create | Villager (Male) |
| 13:22 | Create | Villager (Male) |
| 13:30 | Create | Archer |
| 13:30 | Create | Archer |
| 13:30 | Create | Archer |
| 13:31 | Create | Archer |
| 14:05 | Build | Watch Tower |
| 14:16 | Create | Archer |
| 14:16 | Create | Archer |
| 14:21 | Research | Fletching |
| 14:49 | Create | Archer |
| 14:50 | Create | Archer |
| 14:54 | Research | Padded Archer Armor |
| 14:57 | Create | Archer |
| 14:58 | Create | Archer |
| 15:26 | Build | House |
| 15:27 | Build | House |
| 15:32 | Build | House |
| 15:43 | Build | Farm |
| 15:57 | Build | Farm |
| 16:13 | Create | Villager (Male) |
| 16:14 | Create | Villager (Male) |
| 16:14 | Create | Villager (Male) |
| 16:14 | Create | Villager (Male) |
| 16:22 | Build | Farm |
| 16:30 | Build | Farm |
| 16:35 | Build | Farm |
| 16:55 | Build | Farm |
| 16:56 | Build | Farm |
| 16:58 | Build | Farm |
| 17:07 | Build | Farm |
| 17:13 | Create | Villager (Male) |
| 17:14 | Create | Villager (Male) |
| 17:21 | Build | Farm |
| 17:28 | Build | House |
| 17:28 | Create | Archer |
| 17:29 | Create | Archer |
| 18:21 | Build | Building 796 |
| 19:02 | Build | Palisade Wall |
| 19:06 | Create | Archer |
| 19:06 | Create | Archer |
| 19:07 | Create | Archer |
| 19:08 | Create | Archer |
| 19:08 | Create | Archer |
| 19:08 | Create | Archer |
| 19:15 | Create | Villager (Male) |
| 19:15 | Create | Villager (Male) |
| 19:16 | Create | Villager (Male) |
| 19:17 | Create | Villager (Male) |
| 19:17 | Create | Villager (Male) |
| 19:17 | Create | Villager (Male) |
| 22:04 | Research | Castle Age |
| 22:05 | Research | Castle Age |
| 22:15 | Create | Archer |
| 22:16 | Create | Archer |
| 22:16 | Create | Archer |
| 22:18 | Create | Spearman |
| 22:18 | Create | Spearman |
| 22:30 | Create | Spearman |
| 22:31 | Create | Spearman |
| 22:31 | Create | Spearman |
| 22:31 | Create | Spearman |
| 22:31 | Create | Spearman |
| 22:37 | Build | House |
| 22:38 | Build | House |
| 22:39 | Build | House |
| 22:41 | Build | House |
| 22:42 | Build | House |
| 22:44 | Build | House |
| 22:46 | Build | House |
| 23:26 | Research | Town Watch |
| 23:26 | Research | Loom |
| 24:03 | Research | Scale Mail Armor |
| 24:04 | Research | Forging |
| 24:23 | Create | Spearman |
| 24:23 | Create | Spearman |
| 24:24 | Create | Spearman |
| 24:32 | Build | Archery Range |
| 24:33 | Build | Archery Range |
| 24:39 | Build | Stable |
| 24:40 | Build | Stable |
| 24:46 | Age | Castle Age |
| 25:07 | Research | Bow Saw |
| 25:21 | Build | Farm |
| 25:26 | Build | Farm |
Build order — 流星
First 150 of 295 actions detected
| 0:04 | Create | Villager (Male) |
| 0:04 | Create | Villager (Male) |
| 0:04 | Create | Villager (Male) |
| 0:04 | Create | Villager (Male) |
| 0:09 | Build | House |
| 0:11 | Build | House |
| 0:20 | Build | House |
| 1:45 | Create | Villager (Male) |
| 1:45 | Create | Villager (Male) |
| 2:03 | Create | Villager (Male) |
| 2:06 | Build | Lumber Camp |
| 2:37 | Create | Villager (Male) |
| 2:37 | Create | Villager (Male) |
| 3:08 | Create | Villager (Male) |
| 3:08 | Create | Villager (Male) |
| 3:18 | Research | Loom |
| 3:25 | Create | Villager (Male) |
| 3:57 | Create | Villager (Male) |
| 4:18 | Create | Villager (Male) |
| 4:18 | Create | Villager (Male) |
| 4:53 | Build | House |
| 4:58 | Build | House |
| 4:59 | Create | Villager (Male) |
| 4:59 | Create | Villager (Male) |
| 5:25 | Create | Villager (Male) |
| 5:25 | Create | Villager (Male) |
| 5:27 | Build | Mill |
| 6:03 | Create | Villager (Male) |
| 6:03 | Create | Villager (Male) |
| 6:17 | Create | Villager (Male) |
| 6:51 | Create | Villager (Male) |
| 7:27 | Create | Villager (Male) |
| 7:32 | Create | Villager (Male) |
| 7:53 | Create | Villager (Male) |
| 8:51 | Build | Mining Camp |
| 8:52 | Create | Villager (Male) |
| 9:01 | Build | Mining Camp |
| 9:01 | Create | Villager (Male) |
| 9:23 | Research | Feudal Age |
| 9:32 | Build | House |
| 11:44 | Age | Feudal Age |
| 11:52 | Build | Market |
| 12:00 | Build | Blacksmith |
| 12:17 | Research | Horse Collar |
| 13:15 | Research | Castle Age |
| 13:40 | Build | House |
| 14:05 | Build | Farm |
| 14:05 | Build | Farm |
| 14:06 | Build | Farm |
| 14:06 | Build | Farm |
| 14:08 | Build | Farm |
| 14:08 | Build | Farm |
| 14:11 | Research | Double-Bit Axe |
| 14:26 | Build | Farm |
| 14:27 | Build | Farm |
| 14:27 | Build | Farm |
| 14:39 | Build | Farm |
| 14:49 | Build | Farm |
| 14:51 | Build | Farm |
| 15:27 | Build | Barracks |
| 15:55 | Age | Castle Age |
| 16:10 | Build | Town Center |
| 16:11 | Research | Bow Saw |
| 16:19 | Create | Villager (Male) |
| 16:36 | Create | Villager (Male) |
| 16:36 | Create | Villager (Male) |
| 17:08 | Create | Villager (Male) |
| 17:25 | Create | Villager (Male) |
| 17:28 | Create | Villager (Male) |
| 17:28 | Create | Villager (Male) |
| 17:47 | Build | Town Center |
| 17:58 | Create | Villager (Male) |
| 17:58 | Create | Villager (Male) |
| 18:07 | Build | House |
| 18:08 | Build | House |
| 18:17 | Create | Villager (Male) |
| 18:17 | Create | Villager (Male) |
| 18:32 | Build | Barracks |
| 18:40 | Create | Villager (Male) |
| 18:53 | Create | Villager (Male) |
| 19:23 | Build | Farm |
| 19:23 | Build | Farm |
| 19:23 | Build | Farm |
| 19:23 | Build | Farm |
| 19:34 | Create | Villager (Male) |
| 19:35 | Create | Villager (Male) |
| 19:36 | Create | Villager (Male) |
| 19:38 | Create | Villager (Male) |
| 19:38 | Create | Villager (Male) |
| 19:43 | Build | Farm |
| 20:07 | Create | Villager (Male) |
| 20:07 | Create | Villager (Male) |
| 20:30 | Build | Farm |
| 20:33 | Build | Farm |
| 21:00 | Build | Watch Tower |
| 21:35 | Build | Farm |
| 22:06 | Research | Town Watch |
| 22:08 | Create | Villager (Male) |
| 22:09 | Create | Villager (Male) |
| 22:09 | Create | Villager (Male) |
| 22:37 | Build | House |
| 22:51 | Research | Heavy Plow |
| 22:53 | Create | Villager (Male) |
| 22:53 | Create | Villager (Male) |
| 23:10 | Build | House |
| 23:39 | Build | House |
| 23:49 | Build | Castle |
| 23:55 | Create | Villager (Male) |
| 23:55 | Create | Villager (Male) |
| 23:55 | Create | Villager (Male) |
| 24:18 | Build | Lumber Camp |
| 24:21 | Create | Villager (Male) |
| 24:21 | Create | Villager (Male) |
| 24:23 | Create | Villager (Male) |
| 24:23 | Create | Villager (Male) |
| 24:30 | Build | House |
| 24:30 | Build | House |
| 24:31 | Build | House |
| 24:34 | Build | House |
| 24:38 | Create | Villager (Male) |
| 24:39 | Create | Villager (Male) |
| 24:47 | Research | Wheelbarrow |
| 24:49 | Create | Villager (Male) |
| 24:49 | Create | Villager (Male) |
| 25:01 | Build | Monastery |
| 25:16 | Create | Villager (Male) |
| 25:17 | Create | Villager (Male) |
| 25:26 | Build | Farm |
| 25:27 | Build | Farm |
| 25:27 | Build | Farm |
| 25:34 | Build | Mining Camp |
| 25:39 | Create | Villager (Male) |
| 25:39 | Create | Villager (Male) |
| 25:44 | Build | House |
| 25:47 | Create | Monk |
| 25:51 | Build | House |
| 25:52 | Build | House |
| 25:54 | Build | House |
| 26:02 | Create | Villager (Male) |
| 26:02 | Create | Villager (Male) |
| 26:07 | Create | Villager (Male) |
| 26:07 | Create | Villager (Male) |
| 26:21 | Create | Hussite Wagon |
| 26:25 | Build | House |
| 26:26 | Build | House |
| 26:31 | Build | Farm |
| 27:08 | Build | Town Center |
| 27:24 | Build | House |
| 27:25 | Build | House |
| 27:27 | Create | Hussite Wagon |
Build order — Streetlamp Le Moose
First 150 of 355 actions detected
| 0:01 | Create | Villager (Male) |
| 0:01 | Create | Villager (Male) |
| 0:03 | Build | House |
| 0:04 | Build | House |
| 0:25 | Create | Villager (Male) |
| 0:57 | Create | Villager (Male) |
| 1:26 | Create | Villager (Male) |
| 1:48 | Build | Lumber Camp |
| 1:52 | Create | Villager (Male) |
| 2:30 | Create | Villager (Male) |
| 3:01 | Create | Villager (Male) |
| 3:01 | Create | Villager (Male) |
| 3:49 | Build | House |
| 3:54 | Build | House |
| 4:04 | Create | Villager (Male) |
| 4:04 | Create | Villager (Male) |
| 4:43 | Build | Mill |
| 5:03 | Create | Villager (Male) |
| 5:03 | Create | Villager (Male) |
| 5:03 | Create | Villager (Male) |
| 5:34 | Create | Villager (Male) |
| 6:08 | Create | Villager (Male) |
| 7:04 | Create | Villager (Male) |
| 7:21 | Build | Mining Camp |
| 7:26 | Research | Feudal Age |
| 8:22 | Create | Villager (Male) |
| 8:22 | Create | Villager (Male) |
| 8:22 | Create | Villager (Male) |
| 8:23 | Create | Villager (Male) |
| 9:41 | Create | Villager (Male) |
| 9:42 | Create | Villager (Male) |
| 9:43 | Age | Feudal Age |
| 10:58 | Build | Farm |
| 10:58 | Build | Farm |
| 10:58 | Build | Farm |
| 10:59 | Build | Farm |
| 11:04 | Build | Farm |
| 11:45 | Create | Villager (Male) |
| 11:45 | Create | Villager (Male) |
| 11:50 | Build | House |
| 12:19 | Build | Blacksmith |
| 12:32 | Build | Market |
| 12:53 | Research | Loom |
| 13:35 | Research | Castle Age |
| 13:36 | Create | Villager (Male) |
| 13:48 | Build | Barracks |
| 13:55 | Build | House |
| 14:05 | Build | Farm |
| 14:27 | Build | Farm |
| 14:33 | Build | Farm |
| 14:48 | Research | Horse Collar |
| 14:52 | Research | Double-Bit Axe |
| 14:57 | Create | Villager (Male) |
| 15:21 | Build | Farm |
| 15:26 | Build | Farm |
| 15:58 | Build | Palisade Wall |
| 16:03 | Build | Palisade Wall |
| 16:09 | Create | Villager (Male) |
| 16:15 | Age | Castle Age |
| 16:48 | Build | Farm |
| 17:09 | Build | Farm |
| 17:09 | Build | Farm |
| 17:09 | Build | Farm |
| 17:10 | Build | Farm |
| 17:12 | Create | Villager (Male) |
| 17:39 | Create | Villager (Male) |
| 17:45 | Research | Bow Saw |
| 17:53 | Research | Heavy Plow |
| 18:12 | Build | Stable |
| 18:22 | Create | Villager (Male) |
| 18:22 | Create | Villager (Male) |
| 18:38 | Build | Palisade Wall |
| 18:44 | Build | Palisade Wall |
| 19:06 | Create | Villager (Male) |
| 19:51 | Build | Town Center |
| 19:56 | Create | Villager (Male) |
| 19:57 | Create | Villager (Male) |
| 20:08 | Build | House |
| 20:22 | Build | Building 804 |
| 20:25 | Create | Villager (Male) |
| 20:26 | Create | Villager (Male) |
| 20:43 | Create | Villager (Male) |
| 21:56 | Create | Villager (Male) |
| 21:56 | Create | Villager (Male) |
| 21:56 | Create | Villager (Male) |
| 21:57 | Create | Villager (Male) |
| 22:11 | Build | Building 796 |
| 22:14 | Build | Palisade Gate |
| 22:21 | Build | Palisade Wall |
| 22:34 | Create | Villager (Male) |
| 22:35 | Create | Villager (Male) |
| 22:36 | Create | Villager (Male) |
| 22:42 | Research | Scale Barding Armor |
| 22:51 | Build | Monastery |
| 23:07 | Build | House |
| 23:20 | Build | House |
| 23:24 | Create | Monk |
| 23:25 | Create | Monk |
| 23:36 | Create | Villager (Male) |
| 23:38 | Create | Villager (Male) |
| 23:38 | Create | Villager (Male) |
| 23:38 | Create | Villager (Male) |
| 23:53 | Build | Town Center |
| 24:05 | Build | House |
| 24:11 | Build | Palisade Gate |
| 24:23 | Build | House |
| 24:24 | Create | Villager (Male) |
| 24:25 | Create | Villager (Male) |
| 24:26 | Create | Villager (Male) |
| 24:30 | Research | Chain Barding Armor |
| 24:30 | Research | Forging |
| 25:11 | Create | Villager (Male) |
| 25:11 | Create | Villager (Male) |
| 25:12 | Create | Villager (Male) |
| 25:12 | Create | Villager (Male) |
| 25:20 | Build | House |
| 25:21 | Build | House |
| 25:21 | Build | House |
| 25:23 | Build | House |
| 25:24 | Build | House |
| 25:25 | Build | House |
| 25:26 | Build | House |
| 25:33 | Build | Mill |
| 25:34 | Build | Farm |
| 25:34 | Build | Farm |
| 25:34 | Build | Farm |
| 25:35 | Build | Farm |
| 25:35 | Build | Farm |
| 25:38 | Create | Villager (Male) |
| 25:38 | Create | Villager (Male) |
| 25:39 | Create | Villager (Male) |
| 25:39 | Create | Villager (Male) |
| 25:39 | Create | Villager (Male) |
| 25:42 | Create | Villager (Male) |
| 25:55 | Build | Farm |
| 26:14 | Build | Farm |
| 26:21 | Create | Villager (Male) |
| 26:21 | Create | Villager (Male) |
| 26:22 | Create | Villager (Male) |
| 26:22 | Create | Villager (Male) |
| 26:30 | Build | Stable |
| 26:32 | Build | Stable |
| 26:56 | Create | Villager (Male) |
| 26:56 | Create | Villager (Male) |
| 26:56 | Create | Villager (Male) |
| 26:57 | Create | Villager (Male) |
| 27:07 | Build | Farm |
| 27:08 | Build | Farm |
| 27:12 | Build | Farm |
| 27:12 | Build | Farm |
Match timeline
| 6:09 | SfL13 · wall_segment Palisade Wall x7 |
| 7:22 | SfL13 · wall_segment Palisade Wall x4 |
| 7:35 | SfL13 · first_building Barracks |
| 8:51 | SfL13 · wall_segment Palisade Wall x8 |
| 9:43 | Streetlamp Le Moose · age_up feudal |
| 10:26 | SfL13 · wall_segment Palisade Wall x1 |
| 10:29 | SfL13 · wall_segment Palisade Wall x1 |
| 10:35 | SfL13 · wall_segment Palisade Wall x1 |
| 10:47 | SfL13 · age_up feudal |
| 11:25 | SfL13 · first_building Archery Range |
| 11:44 | 流星 · age_up feudal |
| 12:11 | Wollof_08 / German Mum · first_building Barracks |
| 12:36 | SfL13 · wall_segment Palisade Wall x6 |
| 12:37 | SfL13 · wall_segment Palisade Wall x3 |
| 13:17 | Wollof_08 / German Mum · age_up feudal |
| 13:24 | Wollof_08 / German Mum · first_building Stable |
| 13:48 | Streetlamp Le Moose · first_building Barracks |
| 15:27 | 流星 · first_building Barracks |
| 15:55 | 流星 · age_up castle |
| 15:58 | Streetlamp Le Moose · wall_segment Palisade Wall x29 |
| 16:03 | Streetlamp Le Moose · wall_segment Palisade Wall x6 |
| 16:15 | Streetlamp Le Moose · age_up castle |
| 16:49 | SfL13 · first_market_buy 100 wood |
| 16:50 | SfL13 · first_market_sell 100 food |
| 17:53 | Wollof_08 / German Mum · first_market_buy 100 food |
| 17:57 | Wollof_08 / German Mum · first_market_sell 100 wood |
| 18:12 | Streetlamp Le Moose · first_building Stable |
| 18:38 | Streetlamp Le Moose · wall_segment Palisade Wall x12 |
| 18:44 | Streetlamp Le Moose · wall_segment Palisade Wall x3 |
| 19:02 | SfL13 · wall_segment Palisade Wall x13 |
| 21:22 | Wollof_08 / German Mum · age_up castle |
| 22:21 | Streetlamp Le Moose · wall_segment Palisade Wall x8 |
| 22:51 | Streetlamp Le Moose · first_building Monastery |
| 23:49 | 流星 · first_building Castle |
| 24:39 | SfL13 · first_building Stable |
| 24:46 | SfL13 · age_up castle |
| 25:01 | 流星 · first_building Monastery |
| 26:36 | SfL13 · wall_segment Palisade Wall x5 |
| 29:08 | Wollof_08 / German Mum · first_building Monastery |
| 29:19 | Streetlamp Le Moose · first_market_sell 100 wood |
| 29:41 | SfL13 · wall_segment Palisade Wall x10 |
| 30:49 | SfL13 · first_building Siege Workshop |
| 32:04 | Streetlamp Le Moose · wall_segment Palisade Wall x1 |
| 32:51 | SfL13 · first_building Castle |
| 33:13 | 流星 · age_up imperial |
| 33:33 | 流星 · first_building Archery Range |
| 34:33 | Wollof_08 / German Mum · first_building Castle |
| 34:51 | SfL13 · wall_segment Stone Wall x11 |
| 34:54 | SfL13 · wall_segment Stone Wall x14 |
| 35:40 | 流星 · first_building Siege Workshop |
| 39:56 | Streetlamp Le Moose · age_up imperial |
| 43:14 | SfL13 · resign |
[ AI ANALYSIS · 1 CREDIT ]
What really happened in this match?
Wolo.gg analyzes every decision: build order, eco, micro, common mistakes by bracket. Personalized analysis on WhatsApp or Discord in 30 seconds.
Civ guide
Burgundians
Map guide
Arabia
Perfil
Wollof_08 / German Mum